[Event "Titled Tuesday Blitz June 07 Late 2022"]
[White "Barp, Alberto"]
[Black "Vasquez Schroeder, Rodrigo"]
[WhiteFideId "872555"]
[BlackFideId "3400042"]
[WhiteElo "2229"]
[BlackElo "2567"]
[Result "0-1"]
[Round "11"]
[TimeControl "180+1"]
[Date "2022.06.07"]
[WhiteClock "0:01:09"]
[BlackClock "0:01:25"]

1. d4 Nf6 2. c4 g6 3. g3 Bg7 4. Bg2 O-O 5. Nc3 d6 6. Nf3 Nbd7 7. O-O e5 8. e4 exd4 9. Nxd4 Nc5 10. h3 Re8 11. Re1 c6 12. Nb3 Ne6 13. Be3 a5 14. Qc2 a4 15. Nd4 Ng4 16. hxg4 Nxd4 17. Qd1 c5 18. g5 Bd7 19. Rc1 Bc6 20. Ne2 Bxe4 21. Bxd4 cxd4 22. Nxd4 Bxg2 23. Rxe8+ Qxe8 24. Kxg2 Qe4+ 25. Nf3 Bxb2 26. Rc2 a3 27. Re2 Qxc4 28. Re7 Qxa2 29. Qxd6 Qb3 30. Qd7 Bg7 31. Re8+ Rxe8 32. Qxe8+ Bf8 33. Ne5 Qd5+ 34. Kh2 Qe6 35. Qb8 a2 0-1


[Site "https://www.chess.com"]

[Event "Titled Tuesday Blitz June 07 Late 2022"]
[White "Bas Mas, Jose Joaquin"]
[Black "Bjelobrk, Igor"]
[WhiteFideId "22219064"]
[BlackFideId "4300726"]
[WhiteElo "2233"]
[BlackElo "2335"]
[Result "1-0"]
[Round "11"]
[TimeControl "180+1"]
[Date "2022.06.07"]
[WhiteClock "0:00:03"]
[BlackClock "0:00:02"]

1. e4 e5 2. Nc3 Nf6 3. g3 d5 4. exd5 Nxd5 5. Bg2 Nxc3 6. bxc3 Nc6 7. Ne2 Bc5 8. O-O O-O 9. Rb1 Bb6 10. Ba3 Re8 11. c4 Bg4 12. c5 Ba5 13. h3 Bh5 14. g4 Bg6 15. Rxb7 Qd7 16. c3 Bd3 17. Re1 Rad8 18. Ng3 Ba6 19. Rb2 Bxc3 20. Rc2 Bd4 21. Be4 g6 22. Qf3 Re6 23. h4 Bb7 24. Rb1 Ba8 25. d3 Qe7 26. g5 f5 27. Bd5 Kg7 28. Ne2 e4 29. dxe4 fxe4 30. Qb3 Na5 31. Nxd4 Bxd5 32. Qc3 Re5 33. Qxa5 e3 34. f3 Rf8 35. c6 Qf7 36. Bxf8+ Qxf8 37. Qxc7+ Re7 38. Qg3 Qf7 39. Rb7 Rxb7 40. cxb7 e2 41. Nxe2 Qe7 42. Rc7 Kf7 43. Rxe7+ Kxe7 44. b8=Q 1-0


[Site "https://www.chess.com"]

[Event "Titled Tuesday Blitz June 07 Late 2022"]
[White "Bernal Moro, Luis Javier"]
[Black "Korchmar, Vasiliy"]
[WhiteFideId "2200236"]
[BlackFideId "24131750"]
[WhiteElo "2373"]
[BlackElo "2370"]
[Result "0-1"]
[Round "11"]
[TimeControl "180+1"]
[Date "2022.06.07"]
[WhiteClock "0:00:05"]
[BlackClock "0:00:03"]

1. c4 c6 2. e4 d5 3. exd5 cxd5 4. d4 Nf6 5. Nc3 g6 6. cxd5 Bg7 7. Qb3 O-O 8. Be2 Nbd7 9. Bf3 Nb6 10. Nge2 Bg4 11. Bxg4 Nxg4 12. Bf4 Nf6 13. d6 exd6 14. a4 Rc8 15. O-O Qd7 16. a5 Nc4 17. d5 Rfe8 18. Ra4 Nxb2 19. Rb4 Nd3 20. Rxb7 Qg4 21. Bxd6 Rxe2 22. Nxe2 Qxe2 23. Bg3 Rc1 24. Rb8+ Bf8 25. Rxf8+ Kg7 26. Rxf7+ Kxf7 27. Qb7+ Kg8 28. Rxc1 Nxc1 29. Qc8+ Kg7 30. Qxc1 Nxd5 31. a6 Qxa6 32. h4 Qb7 33. Be5+ Kf7 34. Qh6 Ke6 35. Bd4 a5 36. Qf8 Qb5 37. Qg8+ Kd6 38. Qxh7 Qb1+ 39. Kh2 Qe4 40. Qg7 Qxh4+ 41. Kg1 Qe4 42. f3 Qb1+ 43. Kh2 Qf5 44. Bf2 Qh5+ 45. Kg1 Qf5 46. Qa7 Nb4 47. Qb6+ Kd7 48. Qa7+ Kd6 49. Qb6+ Ke7 50. Bc5+ Kf7 51. Qxa5 Qb1+ 52. Kh2 Nd3 53. Qc7+ Ke6 54. Qd6+ Kf7 55. Be3 Qb5 56. Qg3 Qf5 57. Qd6 Ne5 58. Kg1 Qb1+ 59. Kh2 Qf5 60. Qc7+ Kg8 61. Qc3 Nd3 62. Bg1 Qh5+ 63. Kg3 Qg5+ 64. Kh3 Nf4+ 65. Kh2 Qxg2# 0-1


[Site "https://www.chess.com"]

[Event "Titled Tuesday Blitz June 07 Late 2022"]
[White "Bringas Gomez, Artai"]
[Black "Larino Nieto, David"]
[WhiteFideId "24534064"]
[BlackFideId "2256444"]
[WhiteElo "1988"]
[BlackElo "2532"]
[Result "1/2-1/2"]
[Round "11"]
[TimeControl "180+1"]
[Date "2022.06.07"]
[WhiteClock "0:01:27"]
[BlackClock "0:00:25"]

1. d4 e6 2. c4 b6 3. Nc3 Bb7 4. e4 Bb4 5. Qc2 Bxc3+ 6. bxc3 d6 7. Bd3 Nd7 8. Ne2 e5 9. O-O Ngf6 10. f4 O-O 11. fxe5 dxe5 12. Bg5 h6 13. Bh4 Re8 14. Rf5 Qe7 15. Raf1 Qd6 16. c5 bxc5 17. d5 c4 18. Bxf6 Nxf6 19. Rxf6 gxf6 20. Ng3 cxd3 21. Qxd3 Ba6 22. c4 Qc5+ 23. Kh1 Bxc4 24. Qc2 Kh8 25. Qc1 Qf8 26. Rxf6 Rab8 27. Rxh6+ Kg8 28. Nf5 Rb6 29. Rxb6 axb6 30. Qg5+ Kh7 31. Qh5+ Kg8 32. Qg5+ Kh7 33. Qh5+ 1/2-1/2


[Site "https://www.chess.com"]

[Event "Titled Tuesday Blitz June 07 Late 2022"]
[White "Bryakin, Mikhail"]
[Black "Matlakov, Maxim"]
[WhiteFideId "4165314"]
[BlackFideId "4168003"]
[WhiteElo "2417"]
[BlackElo "2669"]
[Result "1-0"]
[Round "11"]
[TimeControl "180+1"]
[Date "2022.06.07"]
[WhiteClock "0:00:20"]
[BlackClock "0:00:19"]

1. e4 c5 2. Nf3 Nc6 3. c3 e5 4. Bc4 Be7 5. O-O Nf6 6. Re1 O-O 7. d4 cxd4 8. cxd4 d5 9. exd5 Nxd5 10. dxe5 Be6 11. Qe2 Rc8 12. Bb3 Na5 13. Bxd5 Qxd5 14. Nc3 Qc4 15. Qe3 Qg4 16. h3 Qg6 17. Kh2 Bc5 18. Nh4 Bxe3 19. Nxg6 Bxf2 20. Ne7+ Kh8 21. Rf1 Rce8 22. Rxf2 Rxe7 23. Be3 b6 24. Rd1 Nc4 25. Bg5 Ree8 26. Re2 Rc8 27. Nb5 Rc5 28. Be7 Rxb5 29. Bxf8 h6 30. b3 Nxe5 31. a4 1-0


[Site "https://www.chess.com"]

[Event "Titled Tuesday Blitz June 07 Late 2022"]
[White "Chigaev, Maksim"]
[Black "Harsh Suresh"]
[WhiteFideId "4108116"]
[BlackFideId "45018464"]
[WhiteElo "2457"]
[BlackElo "2059"]
[Result "1-0"]
[Round "11"]
[TimeControl "180+1"]
[Date "2022.06.07"]
[WhiteClock "0:00:12"]
[BlackClock "0:00:13"]

1. e4 c5 2. Nf3 g6 3. g3 Bg7 4. Bg2 Nf6 5. d3 d6 6. O-O O-O 7. Re1 Nc6 8. a4 Bg4 9. Nbd2 Nd7 10. h3 Bxf3 11. Nxf3 a6 12. c3 b5 13. h4 Qc7 14. h5 Rfb8 15. h6 Bf6 16. d4 cxd4 17. cxd4 e5 18. axb5 axb5 19. Rxa8 Rxa8 20. Be3 Ra4 21. b3 Rb4 22. d5 Nd4 23. Nxd4 exd4 24. Bd2 Qc5 25. Qg4 Ne5 26. Bxb4 Nxg4 27. Bxc5 dxc5 28. Bh3 Ne5 29. Kg2 Kf8 30. f4 Nd3 31. Ra1 c4 32. bxc4 bxc4 33. d6 Bd8 34. Bd7 Nc5 35. Ra8 Nb7 36. Bc6 Nxd6 37. e5 Nc8 38. Rxc8 Ke7 39. Bb5 c3 40. Kf3 Ba5 41. Re8# 1-0


[Site "https://www.chess.com"]

[Event "Titled Tuesday Blitz June 07 Late 2022"]
[White "Cruz Mendez, Jean Marco"]
[Black "Adla, Diego"]
[WhiteFideId "3526402"]
[BlackFideId "100072"]
[WhiteElo "2064"]
[BlackElo "2377"]
[Result "1-0"]
[Round "11"]
[TimeControl "180+1"]
[Date "2022.06.07"]
[WhiteClock "0:00:22"]
[BlackClock "0:00:16"]

1. Nf3 d5 2. b3 a5 3. a3 Nf6 4. Bb2 g6 5. e3 Bg7 6. c4 dxc4 7. bxc4 O-O 8. Nc3 b6 9. d4 Bb7 10. Be2 Nbd7 11. O-O Re8 12. Rc1 e5 13. Re1 exd4 14. exd4 Ne4 15. Nxe4 Bxe4 16. Bd3 Bxd3 17. Qxd3 Qf6 18. Ba1 Qd6 19. g3 h6 20. Kg2 a4 21. Qc2 Qxa3 22. h4 Qb3 23. Qxb3 axb3 24. Rxe8+ Rxe8 25. Rb1 Re2 26. Rxb3 Ra2 27. Bc3 Nf6 28. Rb2 Ra3 29. Bb4 Rd3 30. Rd2 Rb3 31. Be7 Ne4 32. Re2 f5 33. Bd8 c6 34. g4 b5 35. cxb5 Rxb5 36. gxf5 gxf5 37. Rc2 Rd5 38. Bc7 Bxd4 39. Nxd4 Rxd4 40. Rxc6 Rd2 41. Bb6 Kg7 42. Be3 Rd6 43. Rxd6 Nxd6 44. Kf3 Kg6 45. Kf4 h5 46. f3 Nc4 47. Bd4 Na5 48. Bb6 Nc6 49. Bc7 Nb4 50. Bd8 Nd3+ 51. Kg3 Kf7 52. Bg5 Ke6 53. Kg2 Ke5 54. Kf1 f4 55. Ke2 Nc5 56. Kf2 Ne6 57. Be7 Kd4 58. Ke2 Kc3 59. Bf6+ Kc4 60. Be5 Kd5 61. Bf6 Kc5 62. Kd3 Kd5 63. Ke2 Nf8 64. Be7 Ng6 65. Bg5 Ke6 66. Kd3 Kf5 67. Ke2 Nf8 68. Kd3 Ne6 69. Be7 Nc7 70. Bg5 Nd5 71. Ke2 Nb4 72. Kf2 Ke5 73. Ke2 Nd5 74. Kf2 Kd4 75. Ke2 Nc3+ 76. Kd2 Nd5 77. Ke2 Ke5 78. Bd8 Ne3 79. Bc7+ Kf5 80. Bd8 Nc2 81. Bg5 Nd4+ 82. Kf2 Ne6 83. Be7 Ke5 84. Ke2 Kd4 85. Bf6+ Kc4 86. Bg5 Kc3 87. Bf6+ Kc2 88. Be5 Kb3 89. Kd3 Kb4 90. Ke4 Kc4 91. Bxf4 Kc5 92. Kf5 Kd5 93. Be3 Nd4+ 94. Bxd4 Kxd4 95. Kg5 Ke3 96. f4 Ke4 97. f5 Ke5 98. f6 Ke6 99. Kg6 1-0


[Site "https://www.chess.com"]

[Event "Titled Tuesday Blitz June 07 Late 2022"]
[White "Daggupati, Balaji"]
[Black "Urazayev, Arystanbek"]
[WhiteFideId "2090759"]
[BlackFideId "13709810"]
[WhiteElo "2717"]
[BlackElo "2422"]
[Result "0-1"]
[Round "11"]
[TimeControl "180+1"]
[Date "2022.06.07"]
[WhiteClock "0:01:06"]
[BlackClock "0:00:52"]

1. e4 c6 2. d4 d5 3. Nc3 dxe4 4. Nxe4 Bf5 5. Ng3 Bg6 6. h4 h6 7. Nf3 e6 8. Ne5 Bh7 9. Bd3 Bxd3 10. Qxd3 Nd7 11. f4 Bb4+ 12. Bd2 Bxd2+ 13. Qxd2 Ngf6 14. O-O-O O-O 15. Kb1 a5 16. Qe2 a4 17. Ne4 Nxe4 18. Qxe4 a3 19. b3 Nf6 20. Qf3 Qd5 21. c4 Qxf3 22. Nxf3 Nh5 23. g4 Nxf4 24. Ne5 f6 25. Nd7 Rfd8 26. Nc5 b6 27. Na4 b5 28. cxb5 cxb5 29. Nc5 Ne2 30. Nxe6 Nc3+ 31. Kc2 Rdc8 32. Ra1 Nxa2+ 33. Kd2 Nc3 34. b4 Ne4+ 35. Kd3 Nf2+ 36. Kd2 Nxh1 37. Rxh1 Rc4 38. d5 a2 39. Ra1 Ra6 40. Nc5 Rd6 41. Rxa2 Rxd5+ 42. Ke3 Rxb4 43. Ra8+ Kh7 44. Na6 Rxg4 45. Nc7 Re5+ 46. Kf3 Rxh4 47. Na6 Ra4 0-1


[Site "https://www.chess.com"]

[Event "Titled Tuesday Blitz June 07 Late 2022"]
[White "Golubovskis, Maksims"]
[Black "Rustemov, Alexander"]
[WhiteFideId "11608528"]
[BlackFideId "4119002"]
[WhiteElo "2102"]
[BlackElo "2756"]
[Result "1-0"]
[Round "11"]
[TimeControl "180+1"]
[Date "2022.06.07"]
[WhiteClock "0:00:08"]
[BlackClock "0:00:33"]

1. e4 e6 2. d4 d5 3. Nc3 Bb4 4. e5 c5 5. a3 Bxc3+ 6. bxc3 Ne7 7. Qg4 O-O 8. Nf3 Nbc6 9. Bd3 Qa5 10. Bd2 f5 11. exf6 Rxf6 12. Qh4 Nf5 13. Qh5 c4 14. Be2 Bd7 15. g4 Nd6 16. Ne5 Be8 17. Qh4 Ne4 18. f3 Nxd2 19. Kxd2 Nxd4 20. g5 Rf5 21. Qxd4 Bh5 22. f4 Bxe2 23. Kxe2 Raf8 24. Rhf1 Qa4 25. Kd2 b6 26. h4 Qe8 27. Qe3 Qh5 28. Qg3 Qe8 29. a4 a6 30. Qe3 Qd8 31. Rab1 b5 32. axb5 axb5 33. Rxb5 Qc7 34. Rbb1 Kh8 35. Qb6 Qd8 36. Qxd8 Rxd8 37. Ke3 Rdf8 38. Nd7 Rd8 39. Nc5 Re8 40. Kd4 Rxf4+ 41. Rxf4 e5+ 42. Kxd5 exf4 43. Rf1 Rf8 44. Ne6 Ra8 45. Rxf4 Kg8 46. Rf8+ Rxf8 47. Nxf8 Kxf8 48. Kxc4 Kf7 49. Kd5 Kg6 50. c4 Kh5 51. c5 Kxh4 52. c6 Kxg5 53. c7 h5 54. c8=Q Kf4 55. Qh3 g6 56. c4 1-0


[Site "https://www.chess.com"]

[Event "Titled Tuesday Blitz June 07 Late 2022"]
[White "Goncalves, Davi Sulzbacher"]
[Black "Barria Zuniga, Daniel"]
[WhiteFideId "2154510"]
[BlackFideId "3400816"]
[WhiteElo "2107"]
[BlackElo "2414"]
[Result "0-1"]
[Round "11"]
[TimeControl "180+1"]
[Date "2022.06.07"]
[WhiteClock "0:00:05"]
[BlackClock "0:00:05"]

1. d4 Nf6 2. c4 e6 3. Nc3 Bb4 4. e3 O-O 5. Ne2 d5 6. a3 Be7 7. Nf4 c6 8. Bd3 dxc4 9. Bxc4 e5 10. dxe5 Qxd1+ 11. Nxd1 Ng4 12. e6 f5 13. O-O b5 14. Ba2 g5 15. Nd3 a5 16. f3 Nf6 17. N1f2 Na6 18. Bd2 a4 19. Rac1 c5 20. Ne5 c4 21. Nc6 Bc5 22. e7 Re8 23. Bc3 Nd5 24. Bd4 Bxd4 25. Nxd4 Nxe3 26. Nxb5 Nxf1 27. Bxc4+ Kg7 28. Bxf1 Rxe7 29. Nd6 Be6 30. Rc6 Nc7 31. Nd3 Nd5 32. Nc5 Kf6 33. Bc4 Nc7 34. Rxc7 Rxc7 35. Nxe6 Rxc4 36. Nxc4 Kxe6 37. Nb6 Ra6 38. Nc4 Kd5 39. Nd2 Kd4 40. b4 Kc3 41. Nf1 Kb3 42. Ne3 Kxa3 43. b5 Ra8 44. b6 Kb4 45. Nxf5 Kc5 46. b7 Rb8 47. h4 gxh4 0-1


[Site "https://www.chess.com"]

[Event "Titled Tuesday Blitz June 07 Late 2022"]
[White "Hansen, Eric"]
[Black "Dubov, Daniil"]
[WhiteFideId "2606771"]
[BlackFideId "24126055"]
[WhiteElo "2568"]
[BlackElo "2791"]
[Result "0-1"]
[Round "11"]
[TimeControl "180+1"]
[Date "2022.06.07"]
[WhiteClock "0:00:01"]
[BlackClock "0:00:34"]

1. e4 c5 2. Nf3 d6 3. Bb5+ Nc6 4. O-O Bd7 5. Re1 a6 6. Bf1 e5 7. c3 g5 8. d4 g4 9. Nfd2 cxd4 10. Nb3 Bg7 11. Na3 h5 12. cxd4 exd4 13. Nc4 Be6 14. Bf4 Be5 15. Qd2 h4 16. Rad1 Kf8 17. Bg5 f6 18. Bf4 b5 19. Na3 Nge7 20. Rc1 Rc8 21. Nc2 Ng6 22. Bh6+ Kf7 23. Ncxd4 Nxd4 24. Nxd4 Bxd4 25. Rxc8 Qxc8 26. Qxd4 Rxh6 27. Qxd6 Qd7 28. Qxa6 g3 29. Qb6 Qd2 30. Qe3 gxf2+ 31. Qxf2 Qxf2+ 32. Kxf2 Bxa2 33. Bxb5 Ne5 34. Ra1 Be6 35. Ra7+ Kg6 36. Ke3 Rh8 37. Ra6 Rb8 38. Be2 Rb3+ 39. Kf4 Rxb2 40. Bf1 Rf2+ 0-1


[Site "https://www.chess.com"]

[Event "Titled Tuesday Blitz June 07 Late 2022"]
[White "Harvey, Marcus R"]
[Black "Mikhalsky, Vladimir"]
[WhiteFideId "400092"]
[BlackFideId "14144352"]
[WhiteElo "2485"]
[BlackElo "2301"]
[Result "1-0"]
[Round "11"]
[TimeControl "180+1"]
[Date "2022.06.07"]
[WhiteClock "0:00:07"]
[BlackClock "0:00:11"]

1. e4 g6 2. h4 d5 3. exd5 Qxd5 4. h5 Bg7 5. Nc3 Qa5 6. d4 Nc6 7. Bb5 Bd7 8. Nf3 O-O-O 9. h6 Bf6 10. Be3 a6 11. Bc4 Bg4 12. Bxf7 Nxd4 13. Nxd4 Bxd1 14. Rxd1 e5 15. Nb3 Rxd1+ 16. Kxd1 Qb4 17. Be6+ Kb8 18. Bc5 Qf4 19. Be3 Qb4 20. Bc5 Qf4 21. Nd5 Qe4 22. f3 Qa4 23. Bxg8 Rxg8 24. Nxf6 Rd8+ 25. Nd2 Qc6 26. Ne4 b6 27. Be3 Qd5 28. b3 Qa5 29. a4 Qb4 30. Kc1 Qa3+ 31. Kb1 Qf8 32. Nc4 Kb7 33. Re1 Qf5 34. Nb2 Qe6 35. Bc1 Qc6 36. Re3 Qe6 37. Rd3 Rxd3 38. Nxd3 Qd5 39. Bb2 a5 40. Bxe5 Qc6 41. Bg7 Qe8 42. Nf6 Qd8 43. Nxh7 Qh4 44. Nf6 Qh1+ 45. Kb2 Qxg2 46. h7 Qxf3 47. h8=Q 1-0


[Site "https://www.chess.com"]

[Event "Titled Tuesday Blitz June 07 Late 2022"]
[White "Holt, Conrad"]
[Black "Jobava, Baadur"]
[WhiteFideId "2034387"]
[BlackFideId "13601520"]
[WhiteElo "2586"]
[BlackElo "2617"]
[Result "1-0"]
[Round "11"]
[TimeControl "180+1"]
[Date "2022.06.07"]
[WhiteClock "0:00:20"]
[BlackClock "0:00:34"]

1. d4 d5 2. c4 c6 3. Nc3 Nf6 4. Nf3 dxc4 5. a4 Bf5 6. Ne5 Nbd7 7. Nxc4 Qc7 8. g3 Rd8 9. Bg2 e5 10. O-O Bb4 11. Qb3 a5 12. Na2 Be7 13. Bd2 Be6 14. Qc2 Bxc4 15. Qxc4 O-O 16. dxe5 Nxe5 17. Qc3 Nd5 18. Qb3 Nf6 19. Rad1 h6 20. Qc3 Nd5 21. Qb3 Nf6 22. Bf4 g5 23. Be3 Rxd1 24. Rxd1 Rd8 25. Rc1 Nfd7 26. Bh3 Bf6 27. Bf5 Kg7 28. Nc3 Qd6 29. Ne4 Qb4 30. Qc2 Re8 31. Bd2 Qb6 32. Bc3 Qc7 33. Rd1 Re7 34. Bxd7 Nxd7 35. Rxd7 Rxd7 36. Nxf6 1-0


[Site "https://www.chess.com"]

[Event "Titled Tuesday Blitz June 07 Late 2022"]
[White "Howell, David W L"]
[Black "Przybylski, Wojciech"]
[WhiteFideId "410608"]
[BlackFideId "1117599"]
[WhiteElo "2559"]
[BlackElo "2133"]
[Result "1-0"]
[Round "11"]
[TimeControl "180+1"]
[Date "2022.06.07"]
[WhiteClock "0:00:07"]
[BlackClock "0:00:04"]

1. e4 e5 2. Nf3 Nc6 3. c3 Nf6 4. Qa4 Be7 5. Be2 O-O 6. O-O d6 7. d3 Re8 8. Re1 a6 9. Nbd2 b5 10. Qc2 Bb7 11. Nf1 d5 12. Ng3 Bf8 13. Bg5 Nb8 14. d4 dxe4 15. Nxe5 Nbd7 16. Nxd7 Qxd7 17. Bxf6 gxf6 18. Rad1 f5 19. Qc1 h6 20. Qf4 Bc8 21. Nh5 Qe6 22. Qg3+ Kh8 23. f3 Qg6 24. fxe4 fxe4 25. Rf1 Bd6 26. Qh4 f5 27. Nf4 Qg5 28. Qf2 Rg8 29. g3 Bb7 30. Qe3 Rae8 31. c4 c6 32. Rf2 Bc8 33. Rdf1 Ref8 34. b3 Bc7 35. Kh1 Qf6 36. Nh5 Qg5 37. Nf4 Qf6 38. Rd1 Bb6 39. c5 Bc7 40. d5 Be5 41. d6 Bd7 42. b4 Rg5 43. a4 Rfg8 44. Rff1 Qf7 45. Nh3 R5g7 46. Qxh6+ Rh7 47. Ng5 Rxh6 48. Nxf7+ Kh7 49. Nxh6 Kxh6 50. axb5 axb5 51. Ra1 Kg6 52. Ra7 Rg7 53. Kg2 Kf6 54. Rd1 f4 55. Kf2 f3 56. Bxf3 exf3 57. Rxd7 Rxd7 58. Kxf3 Ke6 59. Ke4 Bc3 60. Rb1 Ra7 61. Kd3 Be5 62. Rd1 Ra3+ 63. Ke4 Bf6 64. d7 Bd8 65. Rd6+ Ke7 66. Rxc6 Kxd7 67. Rd6+ Kc7 68. Rb6 Kd7 69. Rxb5 Bc7 70. Kd5 Rd3+ 71. Kc4 Rd1 72. Rb7 Kc6 73. Ra7 Rc1+ 74. Kd3 Rd1+ 75. Ke2 Rb1 76. Ra4 Rb2+ 77. Kd3 Rxh2 78. Kc4 Kb7 79. b5 Bxg3 80. c6+ Kb8 81. b6 Rh4+ 82. Kb5 Rxa4 83. Kxa4 Bf4 84. Kb5 Bg3 85. Kc4 Bf2 86. Kb5 Bxb6 87. Kxb6 Kc8 88. c7 Kd7 89. Kb7 Kd6 90. c8=Q 1-0


[Site "https://www.chess.com"]

[Event "Titled Tuesday Blitz June 07 Late 2022"]
[White "Ibarra Jerez, Jose Carlos"]
[Black "Bortnyk, Olexandr"]
[WhiteFideId "2226332"]
[BlackFideId "14120828"]
[WhiteElo "2628"]
[BlackElo "2723"]
[Result "0-1"]
[Round "11"]
[TimeControl "180+1"]
[Date "2022.06.07"]
[WhiteClock "0:00:06"]
[BlackClock "0:00:10"]

1. Nf3 Nf6 2. g3 b6 3. Bg2 Bb7 4. O-O g6 5. b3 Bg7 6. Bb2 O-O 7. c4 e6 8. Nc3 d5 9. cxd5 exd5 10. d4 Nbd7 11. Rc1 a6 12. e3 Re8 13. Ne2 Ne4 14. Nf4 a5 15. Re1 a4 16. b4 a3 17. Ba1 Bf8 18. Qb3 Ndf6 19. b5 Ra5 20. Ne5 Bd6 21. Rc2 Qa8 22. Rec1 Ra4 23. Qd3 Re7 24. h3 Qe8 25. Kh2 Ra5 26. Nc6 Bxc6 27. Rxc6 Nxf2 28. Qf1 N6g4+ 29. hxg4 Nxg4+ 30. Kg1 Rxe3 31. Nxd5 Bxg3 32. R6c2 Rxb5 33. Nxc7 Bh2+ 34. Kh1 Bxc7 35. Rxc7 Rh5+ 36. Kg1 Kg7 37. d5+ Kh6 38. Qf4+ Rg5 39. Rxf7 Re1+ 40. Rxe1 Qxe1+ 41. Qf1 Qe3+ 42. Kh1 Rh5+ 43. Bh3 Rxh3+ 0-1


[Site "https://www.chess.com"]

[Event "Titled Tuesday Blitz June 07 Late 2022"]
[White "Ivanisevic, Ivan"]
[Black "Gurevich, Dmitry"]
[WhiteFideId "912417"]
[BlackFideId "2000407"]
[WhiteElo "2535"]
[BlackElo "2506"]
[Result "1-0"]
[Round "11"]
[TimeControl "180+1"]
[Date "2022.06.07"]
[WhiteClock "0:00:59"]
[BlackClock "0:00:02"]

1. b3 d5 2. Bb2 c5 3. e3 a6 4. Nf3 Nc6 5. d4 Bg4 6. dxc5 e6 7. a3 a5 8. Bb5 Nf6 9. b4 axb4 10. axb4 Rxa1 11. Bxa1 Be7 12. Qd4 Bxf3 13. gxf3 O-O 14. Bxc6 bxc6 15. Rg1 Qa8 16. Nd2 Qa2 17. Kd1 Ra8 18. Bc3 Kf8 19. Nb3 Qb1+ 20. Nc1 Ra2 21. Qd3 Ne8 22. Kd2 Ra7 23. Ne2 Qa2 24. Ra1 Qxa1 25. Bxa1 Rxa1 26. Qxh7 Bf6 27. Nd4 Bxd4 28. exd4 Ke7 29. Qh4+ Kd7 30. Qg3 Ra8 31. h4 g6 32. Qe5 Rc8 33. c3 Rc7 34. Kc2 Ke7 35. Kb3 Rb7 36. h5 gxh5 37. Qxh5 Nc7 38. f4 Nb5 39. f5 exf5 40. Qxf5 Ra7 41. Qe5+ Kd7 42. Qf6 Ra3+ 43. Kb2 Rxc3 44. Qxf7+ Kc8 45. Qe8+ Kc7 46. Qe7+ Kc8 47. f4 Rc4 48. Qe6+ Kc7 49. Qe5+ Kd7 50. f5 Rxb4+ 51. Ka2 Ra4+ 52. Kb3 Rb4+ 53. Kxb4 1-0


[Site "https://www.chess.com"]

[Event "Titled Tuesday Blitz June 07 Late 2022"]
[White "Jegorovas, Aleksandras"]
[Black "Hjartarson, Johann"]
[WhiteFideId "12801950"]
[BlackFideId "2300044"]
[WhiteElo "2247"]
[BlackElo "2458"]
[Result "1-0"]
[Round "11"]
[TimeControl "180+1"]
[Date "2022.06.07"]
[WhiteClock "0:00:19"]
[BlackClock "0:00:03"]

1. Nf3 Nf6 2. c4 g6 3. Nc3 Bg7 4. e4 d6 5. d4 O-O 6. Be2 e5 7. O-O Nc6 8. d5 Ne7 9. Qc2 Nh5 10. Rd1 f5 11. Ng5 Nf6 12. c5 fxe4 13. Ncxe4 Nxe4 14. Nxe4 Nf5 15. Bf1 Nd4 16. Qc4 Bf5 17. Ng3 b6 18. c6 Qh4 19. Be3 Bg4 20. Rd2 a5 21. Bxd4 exd4 22. Re1 Bc8 23. Qc2 a4 24. Bd3 Kh8 25. Rde2 Ba6 26. Bxa6 Rxa6 27. Re8 Ra8 28. Rxa8 Rxa8 29. Qe2 h5 30. Qe6 Qg5 31. h4 Qg4 32. Qxg4 hxg4 33. Re4 d3 34. Kf1 Bxb2 35. Ke1 Bf6 36. Rxg4 Ra5 37. Ne4 Be5 38. f4 Bd4 39. Kd2 Rxd5 40. Kxd3 Kh7 41. Kc4 1-0


[Site "https://www.chess.com"]

[Event "Titled Tuesday Blitz June 07 Late 2022"]
[White "Le Goff, Ronan"]
[Black "Rosen, Eric"]
[WhiteFideId "612073"]
[BlackFideId "2032562"]
[WhiteElo "2276"]
[BlackElo "2362"]
[Result "1-0"]
[Round "11"]
[TimeControl "180+1"]
[Date "2022.06.07"]
[WhiteClock "0:01:01"]
[BlackClock "0:00:01"]

1. d4 d5 2. Bf4 Nf6 3. Nc3 c5 4. e3 cxd4 5. exd4 Bg4 6. Be2 Bxe2 7. Qxe2 Nc6 8. Nb5 Qa5+ 9. c3 Kd7 10. Nf3 a6 11. Nc7 Rc8 12. Ne5+ Nxe5 13. dxe5 Qxc7 14. e6+ fxe6 15. Bxc7 Rxc7 16. O-O g6 17. Rfe1 Rc6 18. c4 Bg7 19. Rad1 Rd6 20. cxd5 Nxd5 21. Rxd5 exd5 22. Qxe7+ Kc6 23. Rc1+ Kb6 24. Qxd6+ Ka7 25. Qxd5 Re8 26. g3 Bxb2 27. Rb1 Re2 28. Rxb2 Rxb2 29. Qd4+ Rb6 30. a4 a5 31. Qc5 Ka6 32. Kg2 Rb4 33. Qc2 h5 34. h4 b5 35. Qxg6+ 1-0


[Site "https://www.chess.com"]

[Event "Titled Tuesday Blitz June 07 Late 2022"]
[White "Licznerski, Lukasz"]
[Black "Vajda, Levente"]
[WhiteFideId "1179250"]
[BlackFideId "1203975"]
[WhiteElo "2387"]
[BlackElo "2573"]
[Result "1-0"]
[Round "11"]
[TimeControl "180+1"]
[Date "2022.06.07"]
[WhiteClock "0:00:25"]
[BlackClock "0:00:04"]

1. e4 e5 2. Nf3 Nc6 3. Bb5 a6 4. Bxc6 dxc6 5. O-O f6 6. d4 exd4 7. Nxd4 c5 8. Nb3 Qxd1 9. Rxd1 Bd6 10. Be3 b6 11. Nc3 Be6 12. a4 Ne7 13. a5 Bxb3 14. cxb3 bxa5 15. Rxa5 Rb8 16. Bxc5 Nc6 17. Rxa6 Bxc5 18. Rxc6 Bd6 19. b4 O-O 20. b5 Be5 21. Kf1 Rf7 22. g3 g5 23. Rd5 Kg7 24. Ke2 Re8 25. Ke3 f5 26. f3 g4 27. f4 Bxc3 28. bxc3 Rxe4+ 29. Kd3 Rfe7 30. Rxf5 Re3+ 31. Kc4 Re2 32. Rg5+ Kf7 33. Rh5 Kg7 34. Rh4 Kh8 35. Rxg4 Rg2 36. b6 1-0


[Site "https://www.chess.com"]

[Event "Titled Tuesday Blitz June 07 Late 2022"]
[White "Manelyuk, Daniil"]
[Black "Florescu, Codrut-Constantin"]
[WhiteFideId "44173920"]
[BlackFideId "1202200"]
[WhiteElo "2209"]
[BlackElo "2191"]
[Result "1-0"]
[Round "11"]
[TimeControl "180+1"]
[Date "2022.06.07"]
[WhiteClock "0:00:54"]
[BlackClock "0:01:02"]

1. e4 c5 2. Nf3 e6 3. c4 Nc6 4. Nc3 Nf6 5. Be2 b6 6. O-O Bb7 7. d4 cxd4 8. Nxd4 Nxd4 9. Qxd4 Bc5 10. Qd3 Qb8 11. Be3 Qe5 12. Bxc5 bxc5 13. f4 Qd4+ 14. Qxd4 cxd4 15. Nb5 Bxe4 16. Nc7+ Ke7 17. Nxa8 Rxa8 18. Rad1 d5 19. Rxd4 a5 20. Rfd1 Rb8 21. b3 a4 22. cxd5 exd5 23. Rxa4 h5 24. Ra7+ Ke6 25. Rd4 Rc8 26. Rd2 h4 27. Kf2 Rc3 28. h3 g6 29. b4 Rc1 30. b5 Rb1 31. a4 Rb4 32. a5 Bf5 33. Ra6+ Ke7 34. Rxf6 Kxf6 35. b6 Be4 36. a6 Rxb6 37. a7 d4 38. Rxd4 Ba8 39. Rd8 1-0


[Site "https://www.chess.com"]

[Event "Titled Tuesday Blitz June 07 Late 2022"]
[White "Martinez Alcantara, Jose Eduardo"]
[Black "Tahbaz, Arash"]
[WhiteFideId "3805662"]
[BlackFideId "12528846"]
[WhiteElo "2703"]
[BlackElo "2389"]
[Result "0-1"]
[Round "11"]
[TimeControl "180+1"]
[Date "2022.06.07"]
[WhiteClock "0:00:05"]
[BlackClock "0:00:15"]

1. e4 g6 2. d4 Bg7 3. c3 d6 4. Bd3 Nd7 5. Nf3 e5 6. O-O Ngf6 7. h3 O-O 8. Nbd2 b6 9. Re1 Bb7 10. Nf1 Re8 11. Ng3 d5 12. exd5 exd4 13. Rxe8+ Qxe8 14. c4 Nc5 15. Bc2 c6 16. d6 Rd8 17. b4 Ne6 18. c5 bxc5 19. bxc5 Nxc5 20. Ba3 Nfe4 21. Bxe4 Nxe4 22. Nxe4 Qxe4 23. Qb3 c5 24. Re1 Qd5 25. Qxd5 Bxd5 26. Bxc5 d3 27. Re3 Bc4 28. Nd2 Bb5 29. a4 Bxa4 30. Rxd3 Bb5 31. Rf3 a6 32. Ne4 f5 33. Ng5 Be5 34. Ne6 Rd7 35. g4 Bxd6 36. gxf5 Bxc5 37. Nxc5 Rd1+ 38. Kh2 Rd5 39. Rc3 Rxf5 40. Kg3 a5 41. Nb7 a4 42. Nd6 Rd5 43. Rc8+ Kg7 44. Rc7+ Kf6 45. Ne4+ Ke5 46. f3 Kd4 47. Rxh7 Rd7 48. Rh8 Ra7 49. Rd8+ Kc4 50. Nd6+ Kb4 51. Rb8 Ra5 52. Nb7 Ra6 53. Rd8 a3 54. Rd1 a2 55. Ra1 Kc3 56. Nc5 Ra3 57. Ne4+ Kb2 58. Rd1 a1=Q 59. Rxa1 Kxa1 60. Kf4 Bc6 61. Ng5 Ra5 62. h4 Rf5+ 63. Ke3 Kb2 64. f4 Kc3 65. Nh3 Kc4 66. Nf2 Kd5 67. Ng4 Ke6 68. Nf2 Ra5 69. Ng4 Ra3+ 70. Kd4 Ra4+ 71. Ke3 Re4+ 72. Kf3 Rb4+ 73. Ke3 Rb3+ 74. Ke2 Kf5 75. Ne5 Be8 76. Nc4 Bb5 0-1


[Site "https://www.chess.com"]